 Dungeon Crawl Stone Soup version 0.25-a0-547-g27a0b5d1ef (webtiles) character file.

Game seed: 652792255957592146, levelgen mode: deterministic

616396 BeastOfSaturn the Hoplite (level 26, -6/234 HPs)
             Began as a Demonspawn Venom Mage on Feb 15, 2020.
             Was the Champion of Hepliaklqana.
             Killed from afar by a hellion (22 damage)
             ... with damnation
             ... in the Vestibule of Hell on Feb 22, 2020.
             The game lasted 07:35:33 (78495 turns).

BeastOfSaturn the Hoplite (Demonspawn Venom Mage)  Turns: 78495, Time: 07:35:34

Health: -6/234     AC: 22    Str: 37    XL:     26   Next: 91%
Magic:  53/53      EV: 18    Int: 19    God:    Hepliaklqana [******]
Gold:   1497       SH: 30    Dex: 27    Spells: 36/59 levels left

rFire    + . .     SeeInvis +   S - +4 broad axe (elec)
rCold    + + .     Gourm    .   D - +1 tower shield of Uciok {rC+ MR+}
rNeg     + . .     Faith    .   V - +5 ring mail of the Comet {rElec rPois rCorr Stlth+}
rPois    +         Spirit   .   o - +2 helmet {SInv}
rElec    +         Reflect  .   y - +2 cloak {+Inv}
rCorr    +         Harm     .   h - +2 pair of gloves of Dice, Bag, and Bottle {Regen+ Str+7 Int-3}
MR       +++..                  (boots unavailable)
Stlth    +++++.....             X - amulet "Pixt" {rElec rC+ Regen+ Stlth+}
HPRegen  1.29/turn              Y - ring "Ywicar Xick" {MR+ MP+9 Str+4 Int+2 Dex+4}
MPRegen  0.33/turn              a - ring of Impatience {rF+ rN+ Str+5}

@: mighty, about to teleport, hasted, lightly drained, very quick
A: reduced essence, talons 3, thin skeletal structure 3, agile 1, powered by
pain 3, robust 3, spiny 3, wild magic 1
}: 3/15 runes: decaying, serpentine, silver
a: Recall Ancestor, Ancestor Identity, Transference, Idealise, Renounce
Religion, Evoke Invisibility


You were in the Vestibule of Hell.
You worshipped Hepliaklqana.
Hepliaklqana was exalted by your worship.
You were not hungry.

You visited 12 branches of the dungeon, and saw 54 of its levels.
You also visited: Gauntlet.

You collected 11238 gold pieces.
You spent 9741 gold pieces at shops.

Inventory:

Hand Weapons
 S - a +4 broad axe of electrocution (weapon)
Armour
 h - the +2 pair of gloves of Dice, Bag, and Bottle (worn) {Regen+ Str+7 Int-3}
   (You bought it in a shop on level 1 of the Elven Halls)

   It affects your strength (+7).
   It affects your intelligence (-3).
   It increases your rate of regeneration.
   If you remove this armour, your AC will decrease by 3 (22 -> 19).
 o - a +2 helmet of see invisible (worn)
 y - a +2 cloak of invisibility (worn)
 D - the +1 tower shield of Uciok (worn) {rC+ MR+}
   (You bought it in a shop on level 1 of the Elven Halls)

   It protects you from cold.
   It affects your resistance to hostile enchantments.
 R - quicksilver dragon scales
 V - the +5 ring mail of the Comet (worn) {rElec rPois rCorr Stlth+}
   (You bought it in a shop on level 1 of the Vaults)

   It insulates you from electricity.
   It protects you from poison.
   It provides partial protection from all sources of acid and corrosion.
   It makes you more stealthy.
   If you remove this armour, your AC will decrease by 12 (22 -> 10).
Jewellery
 a - the ring of Impatience (right hand) {rF+ rN+ Str+5}
   (You acquired it on level 15 of the Dungeon)

   [ring of protection from fire]

   It affects your strength (+5).
   It protects you from fire.
   It protects you from negative energy.
 u - a +6 ring of protection
 J - the ring "Bacattutz" {rC+ Slay+2}
   (You took it off a vault guard on level 5 of the Vaults)

   [ring of slaying]

   It affects your accuracy and damage with ranged weapons and melee attacks
   (+2).
   It protects you from cold.
 X - the amulet "Pixt" (around neck) {rElec rC+ Regen+ Stlth+}
   (You acquired it on level 6 of the Lair of Beasts)

   [amulet of regeneration]

   It protects you from cold.
   It insulates you from electricity.
   It increases your rate of regeneration.
   It makes you more stealthy.
 Y - the ring "Ywicar Xick" (left hand) {MR+ MP+9 Str+4 Int+2 Dex+4}
   (You found it on level 3 of the Vaults)

   [ring of magical power]

   It affects your strength (+4).
   It affects your intelligence (+2).
   It affects your dexterity (+4).
   It affects your resistance to hostile enchantments.
   It affects your magic capacity (+9).
Wands
 e - a wand of scattershot (7)
 l - a wand of acid (3)
 p - a wand of enslavement (5)
 v - a wand of random effects (55)
 x - a wand of iceblast (41)
 E - a wand of polymorph (48)
 K - a wand of digging (14)
 O - a wand of clouds (5)
 P - a wand of paralysis (38)
 T - a wand of disintegration (33)
 Z - a wand of flame (110)
Scrolls
 d - 8 scrolls of fog
 k - 24 scrolls of remove curse
 n - 4 scrolls of enchant armour
 s - 3 scrolls of magic mapping
 t - 8 scrolls of fear
 z - 6 scrolls of identify
 F - 4 scrolls of blinking
 I - 12 scrolls of teleportation
 N - a scroll of silence {unknown}
Potions
 b - 4 potions of mutation
 g - 5 potions of haste
 i - 8 potions of lignification
 j - 5 potions of berserk rage
 m - 2 potions of invisibility
 q - 7 potions of stabbing
 r - 17 potions of curing
 A - 14 potions of flight
 G - 8 potions of might
 M - 2 potions of brilliance
 Q - 4 potions of cancellation
 W - 2 potions of resistance
Miscellaneous
 f - a lightning rod (4/4)
 w - a lamp of fire
 B - 5 phantom mirrors
 C - the horn of Geryon
 H - a phial of floods (inert)
 L - 3 sacks of spiders
Comestibles
 c - 29 rations


   Skills:
 - Level 13.0(12.6) Fighting
 - Level 18.0(17.5) Axes
 - Level 10.4(10.1) Armour
 - Level 6.6(6.3) Dodging
 - Level 1.7(1.4) Stealth
 - Level 25.0(24.5) Shields
 - Level 17.0(16.5) Spellcasting
 - Level 4.0(3.7) Conjurations
 * Level 17.9(17.5) Translocations
 - Level 0.8(0.5) Transmutations
 - Level 1.6(1.3) Air Magic
 - Level 9.0(8.6) Poison Magic
 - Level 5.0(4.7) Evocations


You had 36 spell levels left.
You knew the following spells:

 Your Spells              Type           Power        Failure   Level  Hunger
a - Controlled Blink      Tloc           N/A          34%         8    #######
b - Eringya's Noxious Bo  Tmut/Pois      #####.....   82%         6    #####..
c - Mephitic Cloud        Conj/Pois/Air  #####...     4%          3    None
d - Olgreb's Toxic Radia  Pois           ######..     3%          4    None
e - Blink                 Tloc           N/A          1%          2    None

Your spell library contained the following spells:

 Spells                   Type           Power        Failure   Level  Hunger
 Sting                    Tmut/Pois      ####         1%          1    None
 Shroud of Golubria       Chrm/Tloc      ######       1%          2    None
 Gell's Gravitas          Tloc           #######...   1%          3    None
 Lesser Beckoning         Tloc           #######...   1%          3    None
 Portal Projectile        Hex/Tloc       ######       1%          3    None
 Teleport Other           Tloc           #######.     1%          3    None
 Passage of Golubria      Tloc           N/A          1%          4    None
 Dispersal                Tloc           #######...   1%          6    #####..
 Magic Dart               Conj           ####         2%          1    None
 Poisonous Vapours        Pois/Air       #####.       2%          2    None
 Shock                    Conj/Air       ####         3%          1    None
 Foxfire                  Conj/Fire      ####         4%          1    None
 Ignite Poison            Fire/Tmut/Pois #####...     7%          3    None
 Animate Skeleton         Necr           N/A          9%          1    None
 Corona                   Hex            ###....      9%          1    None
 Freeze                   Ice            ###.         9%          1    None
 Pain                     Necr           ###.         9%          1    None
 Sandblast                Erth           ###...       9%          1    None
 Summon Butterflies       Summ           ###.....     9%          1    None
 Static Discharge         Conj/Air       ####....     9%          3    None
 Corpse Rot               Necr/Air       N/A          10%         2    None
 Swiftness                Chrm/Air       ###.....     10%         2    None
 Passwall                 Tmut/Erth      ###.....     11%         2    None
 Conjure Flame            Conj/Fire      ####....     11%         3    None
 Stone Arrow              Conj/Erth      ####..       11%         3    None
 Call Imp                 Summ           ###.....     12%         2    None
 Ensorcelled Hibernation  Hex/Ice        ###...       12%         2    None
 Slow                     Hex            ###.....     12%         2    None
 Sublimation of Blood     Necr           ###.......   12%         2    None
 Call Canine Familiar     Summ           ###.....     22%         3    None
 Confusing Touch          Hex            ###.....     22%         3    None
 Frozen Ramparts          Ice            ###...       22%         3    None
 Inner Flame              Hex/Fire       ###.....     22%         3    None
 Ozocubu's Armour         Chrm/Ice       ###.....     22%         3    None
 Spectral Weapon          Hex/Chrm       ###.....     22%         3    None
 Vampiric Draining        Necr           ###.......   22%         3    None
 Alistair's Intoxication  Tmut/Pois      #####...     30%         5    ###....
 Hailstorm                Conj/Ice       ####....     32%         4    None
 Sticky Flame             Conj/Fire      ####....     32%         4    None
 Disjunction              Tloc           #######...   34%         8    #######
 Airstrike                Air            ####......   36%         4    None
 Summon Lightning Spire   Summ/Air       ###.....     45%         4    None
 Ice Form                 Ice/Tmut       ###.....     50%         4    None
 Petrify                  Tmut/Erth      ###.....     50%         4    None
 Animate Dead             Necr           N/A          54%         4    None
 Dispel Undead            Necr           ###.....     54%         4    None
 Summon Ice Beast         Ice/Summ       ###.....     54%         4    None
 Lightning Bolt           Conj/Air       ####......   54%         5    ###....
 Irradiate                Conj/Tmut      ####......   61%         5    ###....
 Fireball                 Conj/Fire      ####......   63%         5    ###....
 Silence                  Hex/Air        ###.......   80%         5    ###....
 Yara's Violent Unravell  Hex/Tmut       ###.......   83%         5    ###....
 Malign Gateway           Summ/Tloc      ######....   83%         7    ######.
 Agony                    Necr           ###.....     87%         5    ###....
 Aura of Abjuration       Summ           ###.......   87%         5    ###....
 Excruciating Wounds      Chrm/Necr      ###.......   87%         5    ###....
 Lee's Rapid Deconstruct  Erth           ###.......   87%         5    ###....
 Metabolic Englaciation   Hex/Ice        ###.......   87%         5    ###....
 Summon Mana Viper        Hex/Summ       ###.....     87%         5    ###....
 Freezing Cloud           Conj/Ice/Air   ####......   99%         6    #####..
 Hydra Form               Tmut           ###.......   100%        6    #####..
 Simulacrum               Ice/Necr       ###.......   100%        6    #####..
 Statue Form              Tmut/Erth      ###......    100%        6    #####..
 Dragon Form              Tmut           ###.......   100%        7    ######.
 Haunt                    Necr/Summ      ###.......   100%        7    ######.
 Monstrous Menagerie      Summ           ###.......   100%        7    ######.
 Ring of Flames           Chrm/Fire      ###.......   100%        7    ######.
 Summon Greater Demon     Summ           ###.......   100%        7    ######.
 Summon Hydra             Summ           ###.......   100%        7    ######.
 Borgnjor's Revivificati  Necr           ###.......   100%        8    #######
 Chain Lightning          Conj/Air       ####......   100%        8    #######
 Death's Door             Chrm/Necr      ###.......   100%        8    #######
 Ignition                 Fire           ###.......   100%        8    #######
 Infestation              Necr           ###.......   100%        8    #######
 Lehudib's Crystal Spear  Conj/Erth      ####......   100%        8    #######
 Necromutation            Tmut/Necr      ###.......   100%        8    #######
 Summon Horrible Things   Summ           ###.......   100%        8    #######
 Fire Storm               Conj/Fire      ####......   100%        9    #######
 Glaciate                 Conj/Ice       ####......   100%        9    #######
 Shatter                  Erth           ###.......   100%        9    #######
 Tornado                  Air            ####......   100%        9    #######


Dungeon Overview and Level Annotations

Branches:
Dungeon (15/15)            Temple (1/1) D:5            Lair (6/6) D:11
  Swamp (4/4) Lair:2        Snake (4/4) Lair:2        Slime (5/5) Lair:6
    Orc (2/2) D:12            Elf (3/3) Orc:2        Vaults (5/5) D:13
  Crypt (0/3) Vaults:2     Depths (5/5) D:15           Hell (1/1)
    Zot (3/5) Depths:5    Gauntlet (visited)
    Dis: Hell:1         Geh: Hell:1         Coc: Hell:1         Tar: Hell:1

Altars:
Ashenzari
Cheibriados
Dithmenos
Elyvilon
Fedhas
Gozag
Hepliaklqana
Kikubaaqudgha
Makhleb
Nemelex Xobeh
Okawaru
Qazlal
Ru
Sif Muna
Trog
Uskayaw
Vehumet
Wu Jian
Xom
Yredelemnul
Zin
The Shining One
Jiyva

Shops:
D:7 [   D:8 (   D:10 }   D:13 ?   Orc:1 [   Orc:2 !(:*   Elf:1 =*?[   Elf:2 *
Elf:3 !   Snake:3 ?   Vaults:1 [   Depths:4 *   Depths:5 %

Portals:
Hell: Depths:1 Depths:2 Depths:3 Depths:4 Depths:5
Abyss: Depths:1 Depths:3 Depths:4
Pandemonium: Depths:3 Depths:4
Ziggurat: Depths:3

Annotations:
Swamp:1 2 transporters
Swamp:4 exclusion: 2 oklob plants
Slime:5 Royal Jelly


Innate Abilities, Weirdness & Mutations

You have claws for feet.
You have an unnaturally thin skeletal structure. (Dex +6, Stealth++)
You are powered by pain.
You are extremely robust. (+30% HP)
You are completely covered in sharp spines.
Your life essence is reduced to manifest your ancestor. (-10% HP)
You are agile. (Dex +2)
Your spells are a little harder to cast, but a little more powerful.


Message History

* * * LOW HITPOINT WARNING * * *
The soul eater is healed.
The shadow dragon breathes negative energy at you.
The bolt of negative energy hits the reaper.
The reaper completely resists.
The bolt of negative energy hits you! You partially resist.
You feel drained.
* * * LOW HITPOINT WARNING * * *
You feel yourself speed up.
The soul eater is struck by your spines.
The soul eater hits you but does no damage.
You block the blizzard demon's attack. x2; The reaper closely misses you.
The soul eater draws from the surrounding life force!
The blizzard demon gestures at you. The bolt of lightning hits you! You resist.
* * * LOW HITPOINT WARNING * * *
As you read the scroll of teleportation, it crumbles to dust.
You feel strangely unstable. The hellion gestures at you.
The sphere of damnation explodes!
The damnation engulfs you!!
You die...

###### ##
......... #.
..##....# .#
...#^....##.#
#.......#...##
#...##.^.@#.#+#.
#...#†..........
#......3........
##..2##...#.#...
##3Z.#.........#.
##†)23...........
##ZD†##...##...#
##)).#...#...#
##..)......#


You could see a shadow dragon, a reaper, 3 soul eaters, a hellion and an
alligator skeleton.

Vanquished Creatures
  Dissolution (Slime:3)
  Mara (Depths:1)
  A juggernaut (Depths:5)
  A Killer Klown (Zot:2)
  Bai Suzhen (Swamp:3)
  Saint Roka (Snake:4)
  A caustic shrike (Depths:3)
  Geryon (Hell)
  A curse toe (Zot:2)
  5 golden dragons
  Nikola (Snake:1)
  2 liches
  12 tentacled monstrosities
  Jorgrun (Swamp:3)
  8 quicksilver dragons
  6 titans (Vaults:5)
  3 deep elf blademasters (Elf:3)
  9 acid blobs
  A deep elf master archer (Elf:3)
  2 ancient champions (Hell)
  Frances (Snake:1)
  4 shadow dragons
  3 sphinxes
  A death cob (Zot:2)
  Gastronok (Lair:2)
  2 thorn hunters (Swamp:4)
  3 tengu reavers
  4 storm dragons
  6 azure jellies
  4 draconian monks (Zot:2)
  Kirke (D:13)
  7 nagarajas
  8 frost giants
  7 deep elf sorcerers
  5 fire giants
  2 draconian knights (Zot:2)
  An iron dragon (Depths:4)
  12 vault wardens
  2 draconian scorchers
  2 orc warlords
  Aizul (Snake:1)
  A draconian shifter (Depths:5)
  Louise (Snake:4)
  5 deep elf elementalists
  2 ghouls
  A caustic shrike skeleton (Depths:4)
  11 ironheart preservers
  4 draconian annihilators
  4 reapers
  13 very ugly things
  5 war gargoyles
  7 deep elf demonologists
  2 entropy weavers
  15 stone giants
  A black draconian (Depths:5)
  4 vampire knights
  3 green draconians (Depths:5)
  3 spark wasps
  17 purple draconians (Zot:2)
  A yellow draconian (Depths:5)
  4 red draconians
  7 deep elf annihilators
  A minotaur (Gauntlet)
  6 ettins
  An ettin (shapeshifter) (Vaults:5)
  14 deep elf death magi
  5 death oozes
  A green death (Hell)
  2 eidola (Vaults:2)
  6 fire dragons
  16 yaktaur captains
  8 deep elf high priests
  8 ogre magi
  2 rakshasas
  A merfolk impaler (Depths:3)
  12 naga warriors
  8 great orbs of eyes
  Harold (Orc:1)
  28 vault guards
  A hell beast (Hell)
  11 ice dragons
  A shambling mangrove (Swamp:4)
  13 hydras
  3 ghost crabs
  2 monstrous demonspawn (Depths:4)
  3 spriggan air magi
  16 anacondas
  9 deep troll shamans
  12 alligators
  2 death knights
  28 two-headed ogres
  26 dancing weapons
  6 centaur warriors
  A hell hog (Depths:1)
  10 deep troll earth magi
  A titan zombie (Depths:4)
  6 spriggan berserkers
  4 orc high priests
  21 naga sharpshooters
  14 tengu warriors
  3 vampire magi
  A shock serpent (shapeshifter) (Gauntlet)
  4 soul eaters (Hell)
  9 shock serpents
  3 sun demons (Hell)
  28 skeletal warriors
  A storm dragon zombie (Depths:1)
  25 deep elf knights
  2 iron golems (Hell)
  An iron troll (Depths:5)
  A shadow wraith (Vaults:5)
  A fire crab (shapeshifter) (D:14)
  2 unseen horrors
  29 deep trolls
  A golden dragon zombie (Depths:4)
  A quicksilver dragon simulacrum (Depths:4)
  6 salamander mystics
  A gelid demonspawn (Depths:3)
  5 glowing orange brains
  A torturous demonspawn (Depths:4)
  6 wizards
  2 death drakes (shapeshifter)
  An unseen horror (shapeshifter) (Depths:1)
  4 spriggan druids (Swamp:4)
  8 naga ritualists
  2 spectral hydras (Swamp:4)
  8 phantasmal warriors
  A golden dragon skeleton (Depths:4)
  A flayed ghost (Vaults:1)
  5 swamp dragons
  3 small abominations
  23 deep elf archers
  6 lindwurms
  13 ironbrand convokers
  5 harpies
  12 orc knights
  3 necromancers
  8 mana vipers
  66 deep elf magi
  5 cyclopes
  43 ugly things
  3 shining eyes
  3 wolf spiders
  A worldbinder (Gauntlet)
  5 orc sorcerers
  2 manticores
  7 moths of wrath
  2 centaur zombies (D:14)
  An elephant (shapeshifter) (Vaults:4)
  A salamander (shapeshifter) (Vaults:4)
  6 guardian serpents
  8 salamanders
  4 elephants
  41 black mambas
  11 vault sentinels
  A water nymph (shapeshifter) (Vaults:5)
  7 rust devils (Hell)
  23 naga magi
  7 eyes of devastation
  A molten gargoyle (Hell)
  A guardian serpent (shapeshifter) (Vaults:4)
  11 spiny frogs
  A smoke demon (Depths:4)
  A gargoyle (D:13)
  Maggie (D:7)
  An elf zombie (Depths:1)
  3 centaur skeletons
  5 torpor snails (Lair:6)
  6 komodo dragons
  9 freezing wraiths
  A rime drake (Lair:1)
  A kobold demonologist (D:13)
  An efreet (D:13)
  A hellion (Depths:4)
  54 yaktaurs
  An ice devil (Hell)
  3 hellwings
  3 hydra zombies (Swamp:4)
  5 tengu conjurers
  A queen bee (Orc:1)
  4 red devils
  A death drake zombie (Swamp:4)
  10 tyrant leeches
  A raiju (Lair:6)
  3 meliai (D:15)
  7 trolls
  Grinder (D:4)
  120 slime creatures
  12 polar bears
  17 hornets
  A hornet (shapeshifter) (Vaults:1)
  2 bog bodies
  A hydra skeleton (Swamp:4)
  14 hippogriffs
  18 blink frogs
  An ice dragon zombie (Depths:1)
  A dream sheep (shapeshifter) (Depths:1)
  A meliai zombie (D:12)
  4 air elementals
  Sigmund (D:3)
  3 redbacks
  2 vampires (Depths:4)
  4 shadows
  7 water elementals
  4 wraiths
  A tarantella (Vaults:1)
  5 wyverns
  7 spriggans
  A redback (shapeshifter) (Vaults:4)
  5 hogs (D:13)
  2 hungry ghosts
  A basilisk (shapeshifter) (D:13)
  9 fire elementals
  A human (shapeshifter) (Elf:1)
  26 yaks
  Grum (D:9)
  2 basilisks (Lair:6)
  8 golden eyes
  A golden eye (shapeshifter) (D:13)
  23 vampire mosquitoes
  11 wargs
  20 insubstantial wisps
  11 swamp worms
  5 acid dragons
  37 nagas
  A spiny frog zombie (Hell)
  An acid dragon (shapeshifter) (Gauntlet)
  19 hell hounds
  8 water moccasins
  3 floating eyes
  3 hydra simulacra (Swamp:4)
  6 porcupines
  A sky beast (shapeshifter) (Vaults:4)
  Duvessa (D:4)
  A floating eye (shapeshifter) (D:13)
  10 ice beasts
  A swamp drake (shapeshifter) (Vaults:5)
  3 sky beasts
  A swamp dragon zombie (Swamp:4)
  10 swamp drakes
  6 eyes of draining
  10 black bears
  2 black bears (shapeshifter)
  31 orc warriors
  30 wolves
  20 ogres
  A phantom (D:12)
  9 boggarts
  16 centaurs
  8 crocodiles
  A big kobold (D:12)
  Dowan (D:3)
  9 bullfrogs
  A gnoll sergeant (D:5)
  7 jellies
  An ogre simulacrum (Vaults:1)
  4 earth elementals
  A wyvern skeleton (D:15)
  A wyvern zombie (D:10)
  6 hexers
  3 scorpions
  A killer bee (shapeshifter) (Vaults:5)
  9 wights
  A human simulacrum (Vaults:2)
  32 killer bees
  A howler monkey (D:13)
  8 crimson imps
  2 bullfrog zombies
  10 orc priests
  A quasit (D:13)
  11 hounds
  Jessica (D:2)
  4 hell rats (Hell)
  4 iguanas
  A bullfrog skeleton (D:7)
  28 orc wizards
  9 worker ants
  A hound skeleton (D:6)
  A howler monkey zombie (D:5)
  19 adders
  7 gnolls
  5 shadow imps
  2 white imps (Lair:5)
  An ooze (D:6)
  2 adder skeletons
  6 worms
  A dart slug (D:3)
  11 leopard geckos
  85 orcs
  5 giant cockroaches
  5 goblins
  13 hobgoblins
  13 jackals
  4 quokkas
  3 ball pythons
  8 bats
  5 frilled lizards
  13 kobolds
  9 rats
  2 briar patches (Swamp:4)
  A crawling corpse (Elf:3)
  7 plants
  2 toadstools (D:11)
2159 creatures vanquished.

Vanquished Creatures (collateral kills)
  Frederick (Vaults:2)
  Vashnia (Snake:4)
  A golden dragon (Zot:2)
  2 acid blobs
  2 sphinxes (Vaults:5)
  A storm dragon (Zot:1)
  3 shadow dragons
  A fire giant (Depths:1)
  2 nagarajas (Snake:4)
  An azure jelly (Slime:4)
  A frost giant (Depths:5)
  A draconian scorcher (Zot:2)
  A deep elf elementalist (Elf:3)
  An ironheart preserver (Vaults:4)
  2 stone giants
  4 very ugly things
  A vampire knight (Depths:4)
  A deep elf annihilator (Elf:3)
  2 spark wasps
  A dire elephant (D:15)
  7 yaktaur captains
  An ettin (Vaults:5)
  3 great orbs of eyes
  A vault guard (Vaults:5)
  2 rakshasas
  A shambling mangrove (Swamp:4)
  A centaur warrior (D:15)
  2 ice dragons
  3 anacondas
  2 death knights
  3 hydras
  3 alligators
  2 two-headed ogres
  2 ogre magi (Vaults:1)
  2 tengu warriors
  2 dancing weapons (Elf:2)
  2 shock serpents
  2 sun demons (Hell)
  6 deep elf knights
  2 iron trolls
  2 salamander mystics
  3 skeletal warriors
  A sixfirhy (Depths:3)
  An unseen horror (D:14)
  An infernal demonspawn (Depths:3)
  A spectral hydra (Swamp:4)
  3 deep trolls
  A glowing orange brain (Depths:4)
  A naga ritualist (Snake:1)
  7 deep elf archers
  An ironbrand convoker (Vaults:4)
  An orc knight (D:15)
  2 phantasmal warriors (Vaults:5)
  2 orc sorcerers
  A wolf spider (Vaults:4)
  A mana viper (Snake:2)
  9 deep elf magi
  4 ugly things
  19 slime creatures
  A guardian serpent (Snake:4)
  7 black mambas
  2 salamanders
  4 naga magi
  A rust devil (Hell)
  An eye of devastation (Slime:3)
  A vault sentinel (Vaults:2)
  A water nymph (shapeshifter) (Vaults:5)
  A torpor snail (Lair:6)
  A centaur skeleton (D:13)
  A spiny frog (Lair:4)
  6 yaktaurs
  A komodo dragon (Lair:2)
  A freezing wraith (Swamp:4)
  3 tengu conjurers
  A tormentor (Depths:3)
  2 trolls
  3 hornets
  2 polar bears
  3 tyrant leeches
  A blink frog (Lair:4)
  3 hippogriffs
  An air elemental (Elf:1)
  A redback (Vaults:2)
  2 spriggans (Swamp:4)
  A yak (Lair:1)
  A basilisk (shapeshifter) (Vaults:4)
  A basilisk (D:13)
  A golden eye (Slime:2)
  A vampire mosquito (Swamp:4)
  A fire elemental (Elf:1)
  3 wargs
  2 insubstantial wisps
  4 nagas
  3 swamp worms
  2 swamp drakes (Swamp:4)
  6 hell hounds
  3 water moccasins
  A porcupine (Lair:5)
  4 orc warriors
  3 ice beasts (Lair:3)
  2 black bears (Lair:6)
  An eye of draining (Slime:5)
  4 ogres
  A boggart (Gauntlet)
  2 centaurs (D:13)
  A swamp dragon skeleton (Swamp:4)
  A wolf (Lair:3)
  4 bullfrogs
  2 killer bees
  3 wights
  3 crimson imps
  3 centaur zombies
  A jelly (D:9)
  4 orc priests
  7 orc wizards
  3 hell rats (Hell)
  A worker ant zombie (D:6)
  2 adders
  A white imp (Lair:5)
  7 orcs
  2 hobgoblins (D:9)
  A jackal (D:9)
  A crawling corpse (Elf:3)
  2 fungi
  4 plants
291 creatures vanquished.

Vanquished Creatures (others)
  A draconian knight (Zot:2)
  A spriggan druid (Swamp:4)
  A yaktaur (Depths:4)
  A hornet (Swamp:4)
  A spriggan (Swamp:4)
  7 insubstantial wisps (Swamp:4)
  2 swamp drakes (Swamp:4)
  55 hexers
  4 ancestors
  8 briar patches (Swamp:4)
  7 fungi
  38 plants
  3 toadstools (D:11)
129 creatures vanquished.

Grand Total: 2579 creatures vanquished

Notes
Turn   | Place    | Note
-------+----------+-------------------------------------------
     0 | D:1      | BeastOfSaturn the Demonspawn Venom Mage began the quest for
                  | the Orb.
     0 | D:1      | Reached XP level 1. HP: 13/13 MP: 3/3
   509 | D:1      | Gained mutation: You have sharp toenails. [demonic
                  | ancestry]
   509 | D:1      | Reached XP level 2. HP: 6/19 MP: 3/5
   793 | D:1      | Learned a level 2 spell: Poisonous Vapours
  1419 | D:2      | Noticed Jessica
  1425 | D:2      | Killed Jessica
  1425 | D:2      | Reached skill level 1 in Armour
  1425 | D:2      | Gained mutation: You sometimes gain a little power by
                  | taking damage. [demonic ancestry]
  1425 | D:2      | Reached XP level 3. HP: 24/24 MP: 0/6
  1464 | D:2      | Learned a level 3 spell: Mephitic Cloud
  1587 | D:2      | Reached skill level 1 in Axes
  1833 | D:2      | Reached XP level 4. HP: 21/31 MP: 2/7
  2680 | D:2      | Gained mutation: You sometimes gain power by taking damage.
                  | [demonic ancestry]
  2680 | D:2      | Reached XP level 5. HP: 27/36 MP: 3/8
  3192 | D:3      | Noticed Sigmund
  3385 | D:3      | Found a glowing golden altar of the Shining One.
  3515 | D:3      | Killed Sigmund
  3515 | D:3      | Reached skill level 1 in Fighting
  3515 | D:3      | Reached skill level 5 in Poison Magic
  3515 | D:3      | Gained mutation: You have a somewhat thin skeletal
                  | structure. (Dex +2, Stealth) [demonic ancestry]
  3515 | D:3      | Reached XP level 6. HP: 41/43 MP: 1/9
  3695 | D:4      | Found a glowing silver altar of Zin.
  3710 | D:4      | Found a snail-covered altar of Cheibriados.
  3722 | D:4      | Found a shimmering blue altar of Sif Muna.
  3725 | D:4      | Found an iron altar of Okawaru.
  3736 | D:4      | Noticed Duvessa
  3736 | D:4      | Noticed Dowan
  3761 | D:4      | Killed Duvessa
  3761 | D:4      | Reached skill level 1 in Shields
  3773 | D:3      | Killed Dowan
  4010 | D:4      | Noticed Grinder
  4034 | D:5      | Entered Level 5 of the Dungeon
  4053 | D:5      | Gained mutation: You have razor-sharp toenails. [demonic
                  | ancestry]
  4053 | D:5      | Reached XP level 7. HP: 41/48 MP: 10/10
  4250 | D:4      | Paralysed by Grinder for 5 turns
  4558 | D:4      | Learned a level 4 spell: Olgreb's Toxic Radiance
  5274 | D:4      | Reached skill level 2 in Shields
  5328 | D:4      | Killed Grinder
  5328 | D:4      | Gained mutation: You are partially covered in sharp spines.
                  | [demonic ancestry]
  5328 | D:4      | Reached XP level 8. HP: 26/55 MP: 11/11
  5942 | D:5      | Found a staircase to the Ecumenical Temple.
  5948 | Temple   | Entered the Ecumenical Temple
  6150 | Temple   | Became a worshipper of Hepliaklqana the Forgotten
  6587 | D:6      | Found a hide-covered altar of Uskayaw.
  6588 | D:6      | Noticed a +0 dagger
  6968 | D:6      | Noticed a +0 hand axe
  7363 | D:6      | Found a sparkling altar of Nemelex Xobeh.
  7382 | D:6      | Reached * piety under Hepliaklqana
  7422 | D:6      | Reached skill level 5 in Axes
  7477 | D:6      | Reached skill level 5 in Armour
  8110 | D:7      | Noticed Maggie
  8114 | D:7      | Gained mutation: You are powered by pain. [demonic
                  | ancestry]
  8114 | D:7      | Reached XP level 9. HP: 55/55 MP: 12/12
  8136 | D:7      | Killed Maggie
  8136 | D:7      | Reached skill level 3 in Shields
  8887 | D:7      | Found Nuxkumi's Armour Shoppe.
  8890 | D:7      | Bought a +1 buckler of poison resistance for 189 gold
                  | pieces
  9577 | D:8      | Noticed a komodo dragon
  9584 | D:8      | Killed a komodo dragon
  9584 | D:8      | Reached XP level 10. HP: 55/63 MP: 10/13
 10219 | D:8      | Found Xufeih's Weapon Boutique.
 10223 | D:8      | Reached ** piety under Hepliaklqana
 10224 | D:8      | Remembered your ancestor Pallene as a hexer
 10266 | D:8      | Noticed a two-headed ogre
 10279 | D:8      | Killed a two-headed ogre
 10280 | D:8      | Reached skill level 4 in Shields
 10666 | D:9      | Found a bloodstained altar of Trog.
 10691 | D:9      | Gained mutation: You are resistant to electric shocks.
                  | (rElec) [potion of mutation]
 10691 | D:9      | Lost mutation: You are resistant to electric shocks.
                  | (rElec) [potion of mutation]
 10691 | D:9      | Gained mutation: Your flesh is heat resistant. (rF+)
                  | [potion of mutation]
 10692 | D:9      | Lost mutation: Your flesh is heat resistant. (rF+) [potion
                  | of mutation]
 10692 | D:9      | Gained mutation: You evolve. [potion of mutation]
 10692 | D:9      | Gained mutation: You tend to lose your temper in combat.
                  | [potion of mutation]
 10692 | D:9      | Gained mutation: Your muscles are strong. (Str +2) [potion
                  | of mutation]
 10715 | D:9      | Identified a scroll of acquirement
 10715 | D:9      | Identified the ring "Kaonidd" {EV+4 Dex+3} (You acquired it
                  | on level 9 of the Dungeon)
 11126 | D:9      | Noticed Grum
 11138 | D:9      | Killed Grum
 11590 | D:9      | Learned a level 2 spell: Blink
 11777 | D:9      | Gained mutation: You are agile. (Dex +2) [evolution]
 11806 | D:10     | Entered Level 10 of the Dungeon
 12055 | D:10     | Noticed a cyclops
 12070 | D:10     | Killed a cyclops
 12070 | D:10     | Reached XP level 11. HP: 56/69 MP: 14/14
 12407 | D:10     | Reached *** piety under Hepliaklqana
 12445 | D:10     | Found Neacaeca's Gadget Emporium.
 12456 | D:10     | Bought a wand of iceblast (7) for 143 gold pieces
 12456 | D:10     | Bought a wand of digging (4) for 208 gold pieces
 12884 | D:11     | Found a shadowy altar of Dithmenos.
 12934 | D:11     | Got a pair of jewelled gloves
 13252 | D:11     | Identified the cursed +0 pair of gloves of Ewnet {rElec
                  | rN+++ MR- MP+9} (You found it on level 11 of the Dungeon)
 13264 | D:11     | Found a staircase to the Lair.
 13488 | Lair:1   | Entered Level 1 of the Lair of Beasts
 13502 | Lair:1   | Reached skill level 10 in Axes
 13538 | Lair:1   | Noticed a five-headed hydra
 13553 | Lair:1   | Reached skill level 5 in Shields
 13557 | Lair:1   | Killed a five-headed hydra
 13640 | Lair:1   | Reached skill level 5 in Dodging
 13748 | Lair:1   | Lost mutation: You evolve. [evolution]
 14081 | Lair:1   | Reached **** piety under Hepliaklqana
 14943 | Lair:1   | Reached XP level 12. HP: 68/76 MP: 15/15
 15438 | Lair:2   | Noticed a four-headed hydra
 15447 | Lair:2   | Killed a four-headed hydra
 15447 | Lair:2   | Reached skill level 5 in Fighting
 15486 | Lair:2   | Found a staircase to the Snake Pit.
 15493 | Lair:2   | Found a staircase to the Swamp.
 16053 | Lair:2   | Noticed Gastronok
 16074 | Lair:2   | Killed Gastronok
 16074 | Lair:2   | Reached skill level 6 in Shields
 16322 | Lair:3   | Found a white marble altar of Elyvilon.
 17429 | Lair:3   | Reached ***** piety under Hepliaklqana
 17977 | Lair:3   | Gained mutation: You have a moderately thin skeletal
                  | structure. (Dex +4, Stealth+) [demonic ancestry]
 17977 | Lair:3   | Reached XP level 13. HP: 83/83 MP: 16/16
 18674 | Lair:3   | Reached skill level 7 in Shields
 18927 | D:12     | Reached skill level 1 in Conjurations
 18961 | D:12     | Learned a level 3 spell: Static Discharge
 19289 | D:12     | Found a staircase to the Orcish Mines.
 19334 | D:12     | Got a heavily runed leather armour
 19335 | D:12     | Identified the +3 leather armour of the Guild-Master {rN++
                  | Slay+3} (You found it on level 12 of the Dungeon)
 19763 | Orc:1    | Entered Level 1 of the Orcish Mines
 19766 | Orc:1    | Noticed Harold
 19789 | Orc:1    | Killed Harold
 20337 | Orc:1    | Found Xagitosh's Antique Armour Shop.
 20350 | Orc:1    | Bought a heavily runed ring mail for 261 gold pieces
 20350 | Orc:1    | Bought a brightly glowing chain mail for 275 gold pieces
 20370 | Orc:1    | Identified the +1 ring mail "Bogod" {*Slow rF+ SInv} (You
                  | bought it in a shop on level 1 of the Orcish Mines)
 20380 | Orc:1    | Identified the +3 chain mail of the Ladybird {rF++ Str+3
                  | Int-5} (You bought it in a shop on level 1 of the Orcish
                  | Mines)
 20471 | Orc:2    | Entered Level 2 of the Orcish Mines
 20759 | Orc:2    | Found a gate leading to a gauntlet.
 20902 | Gauntlet | Entered a Gauntlet
 20902 | Gauntlet | Found a transporter.
 20902 | Gauntlet | Found a transporter.
 20906 | Gauntlet | Found a transporter.
 20906 | Gauntlet | Found a transporter.
 20910 | Gauntlet | Found a transporter.
 20910 | Gauntlet | Found a transporter.
 20938 | Gauntlet | Found a runed translucent door.
 20938 | Gauntlet | Found a runed translucent door.
 20942 | Gauntlet | Found a transporter.
 20946 | Gauntlet | Found a transporter.
 20953 | Gauntlet | Found a runed translucent door.
 20953 | Gauntlet | Noticed a reaper
 20956 | Gauntlet | Found a transporter.
 20970 | Gauntlet | Found a transporter.
 20985 | Gauntlet | Found a transporter.
 20989 | Gauntlet | Found a transporter.
 21056 | Gauntlet | Reached skill level 1 in Air Magic
 21128 | Gauntlet | Reached skill level 1 in Evocations
 21361 | Gauntlet | Killed a reaper
 21824 | Gauntlet | Noticed a minotaur
 21854 | Gauntlet | Killed a minotaur
 22053 | Orc:2    | Found a staircase to the Elven Halls.
 22408 | Orc:2    | Paralysed by an orc sorcerer for 5 turns
 22418 | Orc:2    | HP: 1/85 [orc high priest/divine providence (11)]
 22766 | Orc:1    | Upgraded the game from 0.25-a0-510-ge065f6de7d to
                  | 0.25-a0-513-ge77a69270c
 23064 | Lair:4   | Got a slimy rapier
 23065 | Lair:4   | Identified the cursed +1 rapier "Pineaf" {flame, +Fly rN+
                  | Str-3 Stlth+} (You found it on level 4 of the Lair of
                  | Beasts)
 23185 | Lair:4   | Reached skill level 1 in Translocations
 24329 | Lair:5   | Reached skill level 8 in Shields
 25003 | Lair:6   | Entered Level 6 of the Lair of Beasts
 25003 | Lair:6   | Found a staircase to the Slime Pits.
 25236 | Lair:6   | Gained mutation: You are robust. (+10% HP) [demonic
                  | ancestry]
 25236 | Lair:6   | Reached XP level 14. HP: 78/103 MP: 17/17
 25669 | Lair:6   | Identified the amulet "Pixt" {rElec rC+ Regen+ Stlth+} (You
                  | acquired it on level 6 of the Lair of Beasts)
 26900 | Lair:6   | Found a runed translucent door.
 27057 | Lair:6   | HP: 3/103 [torpor snail (11)]
 27383 | Lair:6   | Reached skill level 9 in Shields
 27821 | D:13     | Found Rerin's Magic Scroll Shoppe.
 27913 | D:13     | Noticed Kirke
 27972 | D:13     | Reached ****** piety under Hepliaklqana
 28127 | D:13     | Reached skill level 15 in Axes
 28232 | D:13     | Reached skill level 10 in Armour
 28261 | D:13     | Killed Kirke
 28261 | D:13     | Reached skill level 5 in Evocations
 28507 | D:13     | Got a faintly glowing flail
 28508 | D:13     | Identified the +5 flail of the Six Demons {vorpal, rPois
                  | Int+2 Dex+5} (You found it on level 13 of the Dungeon)
 28804 | D:13     | Gained mutation: You have claws for feet. [demonic
                  | ancestry]
 28804 | D:13     | Reached XP level 15. HP: 108/108 MP: 18/18
 29512 | D:13     | Found a gate to the Vaults.
 29516 | D:13     | Bought a scroll of remove curse for 51 gold pieces
 29516 | D:13     | Bought a scroll of identify for 34 gold pieces
 29516 | D:13     | Bought a scroll of blinking for 127 gold pieces
 29516 | D:13     | Bought a scroll of identify for 34 gold pieces
 29516 | D:13     | Bought a scroll of identify for 34 gold pieces
 29516 | D:13     | Bought a scroll of teleportation for 51 gold pieces
 31394 | Orc:2    | Reached skill level 10 in Shields
 31400 | Orc:2    | Found Gitomiff's Antique Weapon Shop.
 31400 | Orc:2    | Found Suda Xoo's Distillery.
 31402 | Orc:2    | Found Bonaerghekhla's General Store.
 31402 | Orc:2    | Found Archeop's Book Emporium.
 31421 | Orc:2    | Bought a potion of haste for 140 gold pieces
 31421 | Orc:2    | Bought a potion of haste for 140 gold pieces
 31421 | Orc:2    | Bought a potion of haste for 140 gold pieces
 31421 | Orc:2    | Bought a potion of might for 56 gold pieces
 31421 | Orc:2    | Bought a potion of curing for 42 gold pieces
 31421 | Orc:2    | Bought a potion of resistance for 140 gold pieces
 31421 | Orc:2    | Bought a potion of might for 56 gold pieces
 31421 | Orc:2    | Bought a potion of might for 56 gold pieces
 31430 | Orc:2    | Bought a book of the Warp for 1080 gold pieces
 31617 | Snake:1  | Entered Level 1 of the Snake Pit
 31723 | Snake:1  | Noticed Frances
 31746 | Snake:1  | Killed Frances
 32191 | Snake:1  | Noticed Aizul
 32207 | Snake:1  | Killed Aizul
 32818 | Snake:1  | Reached skill level 11 in Shields
 32938 | Snake:1  | Noticed Nikola
 32956 | Snake:1  | Noticed a nagaraja
 32968 | Snake:1  | Killed Nikola
 33529 | Snake:2  | Noticed a nagaraja
 33547 | Snake:2  | Killed a nagaraja
 33547 | Snake:2  | Reached XP level 16. HP: 113/115 MP: 19/19
 34214 | Snake:2  | You fall into a shaft and drop 1 floor!
 34691 | Snake:3  | Reached skill level 12 in Shields
 34948 | Snake:2  | You fall into a shaft and drop 1 floor!
 35314 | Snake:3  | Found Vuhaw's Magic Scroll Shoppe.
 35320 | Snake:3  | Bought a scroll of fear for 35 gold pieces
 35320 | Snake:3  | Bought a scroll of fear for 35 gold pieces
 35320 | Snake:3  | Bought a scroll of remove curse for 30 gold pieces
 35320 | Snake:3  | Bought a scroll of acquirement for 520 gold pieces
 35320 | Snake:3  | Bought a scroll of identify for 20 gold pieces
 35320 | Snake:3  | Bought a scroll of summoning for 95 gold pieces
 35320 | Snake:3  | Bought a scroll of fog for 20 gold pieces
 35320 | Snake:3  | Bought a scroll of identify for 20 gold pieces
 35904 | Snake:3  | Learned a level 8 spell: Controlled Blink
 36736 | Swamp:1  | Entered Level 1 of the Swamp
 36838 | Swamp:1  | Found a transporter.
 37034 | Swamp:1  | Found a transporter.
 37314 | Swamp:1  | Identified the cursed +0 robe of Depression {rF+ Int+2
                  | Dex+2} (You found it on level 1 of the Swamp)
 37318 | Swamp:1  | Reached skill level 5 in Translocations
 37318 | Swamp:1  | Gained mutation: You are mostly covered in sharp spines.
                  | [demonic ancestry]
 37318 | Swamp:1  | Reached XP level 17. HP: 120/120 MP: 20/20
 37662 | Swamp:2  | Reached skill level 13 in Shields
 39016 | Swamp:3  | Reached XP level 18. HP: 122/127 MP: 21/21
 39112 | Swamp:3  | Noticed Bai Suzhen
 39348 | Swamp:2  | Upgraded the game from 0.25-a0-513-ge77a69270c to
                  | 0.25-a0-516-g7d600cd9ad
 39377 | Swamp:3  | Killed Bai Suzhen
 39788 | Swamp:3  | Noticed Jorgrun
 39806 | Swamp:3  | Killed Jorgrun
 39806 | Swamp:3  | Reached skill level 14 in Shields
 39953 | Swamp:4  | Entered Level 4 of the Swamp
 40784 | Swamp:4  | Got a flickering wooden ring
 40786 | Swamp:4  | Identified the ring of Agoesuf {rN+ Stlth+} (You found it
                  | on level 4 of the Swamp)
 40905 | Swamp:4  | HP: 5/127 [five-headed hydra (7)]
 42173 | Swamp:4  | Reached skill level 15 in Shields
 43029 | Swamp:4  | Found a blossoming altar of Fedhas.
 43092 | Swamp:4  | Found a basalt altar of Yredelemnul.
 43105 | Swamp:4  | Got a decaying rune of Zot
 43412 | Snake:4  | Entered Level 4 of the Snake Pit
 43554 | Snake:4  | Noticed Saint Roka
 43574 | Snake:4  | Killed Saint Roka
 43574 | Snake:4  | Paralysed by an orc sorcerer for 3 turns
 43671 | Snake:4  | Noticed Vashnia
 43869 | Snake:4  | Killed Vashnia
 44454 | Snake:4  | Noticed Louise
 44467 | Snake:4  | Gained mutation: You are completely covered in sharp
                  | spines. [demonic ancestry]
 44467 | Snake:4  | Reached XP level 19. HP: 129/138 MP: 22/22
 44468 | Snake:4  | Killed Louise
 44731 | Snake:4  | Reached skill level 10 in Fighting
 45636 | Snake:4  | Reached skill level 10 in Translocations
 45851 | Snake:4  | Got a serpentine rune of Zot
 47026 | D:15     | Entered Level 15 of the Dungeon
 47340 | D:15     | Found a staircase to the Depths.
 47852 | D:15     | Identified the ring of Impatience {rF+ rN+ Str+5} (You
                  | acquired it on level 15 of the Dungeon)
 48774 | D:15     | Upgraded the game from 0.25-a0-516-g7d600cd9ad to
                  | 0.25-a0-521-gb5d5f98535
 48903 | Elf:1    | Entered Level 1 of the Elven Halls
 49253 | Elf:1    | Got a pitted long sword
 49271 | Elf:1    | Identified the +4 long sword of Hittaukh {distort, MP+9
                  | Str+2} (You found it on level 1 of the Elven Halls)
 49382 | Elf:1    | Gained mutation: You are very robust. (+20% HP) [demonic
                  | ancestry]
 49382 | Elf:1    | Reached XP level 20. HP: 92/171 MP: 23/23
 49590 | Elf:1    | Found Duza's Mass Market.
 49596 | Elf:1    | Found Zimorgh's Jewellery Boutique.
 49607 | Elf:1    | Bought the +1 tower shield of Uciok {rC+ MR+} for 436 gold
                  | pieces
 50074 | Elf:1    | Found Otum's Armour Shop.
 50074 | Elf:1    | Found Aragoclo's Magic Scroll Boutique.
 50114 | Elf:1    | Bought a scroll of magic mapping for 59 gold pieces
 50114 | Elf:1    | Bought a scroll of enchant armour for 127 gold pieces
 50114 | Elf:1    | Bought a scroll of teleportation for 51 gold pieces
 50114 | Elf:1    | Bought a scroll of enchant weapon for 127 gold pieces
 50114 | Elf:1    | Bought a scroll of enchant armour for 127 gold pieces
 50121 | Elf:1    | Bought the +2 pair of gloves of Dice, Bag, and Bottle
                  | {Regen+ Str+7 Int-3} for 418 gold pieces
 50121 | Elf:1    | Bought a +2 scale mail of magic resistance for 294 gold
                  | pieces
 50603 | Elf:2    | Found Fohofun's General Store.
 50608 | Elf:2    | Bought a wand of digging (3) for 266 gold pieces
 51138 | Elf:2    | Found a runed translucent gate.
 51139 | Elf:2    | Found a runed translucent gate.
 51143 | Elf:2    | Found a runed translucent gate.
 51427 | Elf:2    | Reached skill level 16 in Shields
 52270 | Elf:3    | Entered Level 3 of the Elven Halls
 52929 | Elf:3    | Reached skill level 17 in Shields
 52962 | Elf:3    | Identified the ring "Daogij" {Dex+4 Stlth+}
 52975 | Elf:3    | Reached skill level 5 in Spellcasting
 52989 | Elf:3    | Reached XP level 21. HP: 173/178 MP: 21/28
 53142 | Elf:3    | Identified the cursed ring "Baac" {rF++ rC++ MP-9 Str-2}
 53195 | Elf:3    | Identified the +6 long sword of Gloom {vorpal, Str+5 Int+3}
 53218 | Elf:3    | Identified the Volume of Snow and Ignition
 53232 | Elf:3    | Identified the Disquisition on Displaced Changing
 53639 | Elf:3    | Identified the cursed +0 arbalest "Lacaa" {freeze, +Fly
                  | rPois rF+ Str-2} (You found it on level 3 of the Elven
                  | Halls)
 53893 | Elf:3    | Found Puthiyc's Distillery.
 53916 | Elf:3    | Bought a potion of curing for 42 gold pieces
 53916 | Elf:3    | Bought a potion of haste for 140 gold pieces
 53916 | Elf:3    | Bought 2 potions of curing for 84 gold pieces
 53916 | Elf:3    | Bought a potion of might for 56 gold pieces
 53916 | Elf:3    | Bought a potion of curing for 42 gold pieces
 54027 | Elf:3    | Identified the +5 halberd "Qoggaj" {vorpal, Int+5} (You
                  | found it on level 3 of the Elven Halls)
 54248 | Slime:1  | Entered Level 1 of the Pits of Slime
 54569 | Slime:1  | Reached skill level 18 in Shields
 54569 | Slime:1  | Gained mutation: Your mind is acute. (Int +2) [a shining
                  | eye]
 55155 | D:7      | Bought the +1 leather armour "Jounakik" {rCorr Int-3
                  | Slay+3} for 362 gold pieces
 56672 | Slime:4  | Noticed Dissolution
 56699 | Slime:3  | Killed Dissolution
 56699 | Slime:3  | Reached skill level 19 in Shields
 57045 | Slime:5  | Entered Level 5 of the Pits of Slime
 57124 | Slime:5  | Paralysed by a great orb of eyes for 5 turns
 57553 | Slime:5  | Found a viscous altar of Jiyva.
 57554 | Slime:5  | Noticed the Royal Jelly
 57578 | Slime:5  | Reached XP level 22. HP: 144/185 MP: 31/31
 57579 | Slime:5  | Lost mutation: Your muscles are strong. (Str +2) [a shining
                  | eye]
 57584 | Slime:5  | Gained mutation: You are weak. (Str -2) [a shining eye]
 57610 | Slime:4  | Upgraded the game from 0.25-a0-521-gb5d5f98535 to
                  | 0.25-a0-528-g6b7c99946c
 57781 | Vaults:1 | Entered Level 1 of the Vaults
 58335 | Vaults:1 | Reached skill level 20 in Shields
 59371 | Vaults:1 | Found Ram Zeob's Antique Armour Shop.
 59391 | Vaults:1 | Bought a citrine-encrusted ring mail for 252 gold pieces
 59391 | Vaults:1 | Bought a bloodstained chain mail for 266 gold pieces
 59391 | Vaults:1 | Identified the +5 ring mail of the Comet {rElec rPois rCorr
                  | Stlth+} (You bought it in a shop on level 1 of the Vaults)
 59392 | Vaults:1 | Identified the +1 chain mail of Sin {Str+4 Stlth+} (You
                  | bought it in a shop on level 1 of the Vaults)
 60282 | Vaults:2 | Found a staircase to the Crypt.
 60298 | Vaults:2 | Reached skill level 21 in Shields
 60432 | Vaults:2 | Noticed Frederick
 60446 | Vaults:2 | Killed Frederick
 61851 | Vaults:2 | Upgraded the game from 0.25-a0-528-g6b7c99946c to
                  | 0.25-a0-544-gee0576305d
 61907 | Vaults:3 | Got a sparkling bone ring
 61908 | Vaults:3 | Identified the ring "Ywicar Xick" {MR+ MP+9 Str+4 Int+2
                  | Dex+4} (You found it on level 3 of the Vaults)
 62851 | Vaults:3 | Gained mutation: You have an unnaturally thin skeletal
                  | structure. (Dex +6, Stealth++) [demonic ancestry]
 62851 | Vaults:3 | Reached XP level 23. HP: 173/192 MP: 33/33
 62854 | Vaults:3 | Lost mutation: You are agile. (Dex +2) [potion of mutation]
 62854 | Vaults:3 | Lost mutation: You tend to lose your temper in combat.
                  | [potion of mutation]
 62854 | Vaults:3 | Lost mutation: You are weak. (Str -2) [potion of mutation]
 62854 | Vaults:3 | Lost mutation: Your mind is acute. (Int +2) [potion of
                  | mutation]
 62854 | Vaults:3 | Gained mutation: Your spells are a little harder to cast,
                  | but a little more powerful. [potion of mutation]
 62854 | Vaults:3 | Gained mutation: You are agile. (Dex +2) [potion of
                  | mutation]
 64141 | Vaults:4 | Reached skill level 22 in Shields
 64422 | Vaults:4 | Identified the cursed +0 pair of gloves of Eternity {+Inv
                  | Int+4} (You found it on level 4 of the Vaults)
 65027 | Depths:1 | Entered Level 1 of the Depths
 65027 | Depths:1 | Found a one-way gate to the infinite horrors of the Abyss.
 65059 | Depths:1 | Noticed Mara
 65098 | Depths:1 | Noticed BeastOfSaturn's illusion
 65132 | Depths:1 | Killed Mara
 65344 | Depths:1 | Found a gateway to Hell.
 65360 | Depths:1 | You fall into a shaft and drop 1 floor!
 66401 | Depths:1 | Identified the Almanac of the Blaze and Dark Rituals
 66418 | Depths:1 | Reached skill level 23 in Shields
 66445 | Depths:1 | Found the +7 great mace "Firestarter" {inner flame, rF++}
 66464 | Depths:1 | Identified the +6 scimitar "Conuw" {holy, Str+3 Dex+5} (You
                  | found it on level 1 of the Depths)
 67282 | Depths:3 | Reached XP level 24. HP: 200/200 MP: 34/34
 67425 | Depths:3 | Found a gateway to a ziggurat.
 67473 | Depths:3 | Found a one-way gate leading to the halls of Pandemonium.
 68060 | Depths:3 | Found a runed translucent door.
 68655 | Depths:4 | Reached skill level 24 in Shields
 68743 | Depths:4 | Found Puriqo Tapea's Blood Bar.
 68747 | Depths:4 | Bought a book of Annihilations for 1545 gold pieces
 68747 | Depths:4 | Bought the Papyrus of Darkness for 1015 gold pieces
 69333 | Depths:4 | You fall into a shaft and drop 1 floor!
 69333 | Depths:5 | Entered Level 5 of the Depths
 69996 | Depths:5 | Noticed a juggernaut
 70077 | Depths:5 | Killed a juggernaut
 70434 | Depths:5 | Reached skill level 15 in Translocations
 70525 | Depths:5 | Found Uriumpae's Food Shoppe.
 70895 | Depths:5 | Found a gate to the Realm of Zot.
 70923 | Depths:5 | Reached XP level 25. HP: 206/206 MP: 36/36
 71556 | Depths:5 | Upgraded the game from 0.25-a0-544-gee0576305d to
                  | 0.25-a0-545-ge4db218afc
 71916 | Vaults:5 | Entered Level 5 of the Vaults
 71929 | Vaults:5 | Reached skill level 25 in Shields
 71931 | Vaults:5 | Found the +10 morningstar "Eos" {elec, Halo rElec}
 71949 | Vaults:5 | Reached skill level 10 in Spellcasting
 72603 | Vaults:5 | Identified the ring "Bacattutz" {rC+ Slay+2}
 73152 | Vaults:5 | Identified the Reference Book on Attacks and Execration
 73385 | Vaults:5 | Identified the ring "Oreeggav" {*Tele rElec Str-5 SInv}
 74042 | Vaults:5 | Identified the +5 ring mail of Philately {rPois Dex+2}
 74062 | Vaults:5 | Gained mutation: You are extremely robust. (+30% HP)
                  | [demonic ancestry]
 74062 | Vaults:5 | Reached XP level 26. HP: 188/234 MP: 40/40
 74302 | Vaults:5 | Learned a level 6 spell: Eringya's Noxious Bog
 74544 | Vaults:5 | Identified the +4 chain mail "Goateta" {rPois Str+4 Dex-3}
 74583 | Vaults:5 | Identified the Grimoire of the Equator
 74590 | Vaults:5 | Identified the amulet of Sentiran {Inacc Dex+4} (You found
                  | it on level 5 of the Vaults)
 74800 | Vaults:5 | Got a silver rune of Zot
 75136 | Zot:1    | Entered Level 1 of the Realm of Zot
 76063 | Zot:2    | You fall into a shaft and drop 1 floor!
 76259 | Zot:2    | Reached skill level 15 in Spellcasting
 77115 | Zot:1    | Upgraded the game from 0.25-a0-545-ge4db218afc to
                  | 0.25-a0-547-g27a0b5d1ef
 77625 | Zot:2    | HP: 9/234 [purple draconian/bolt of dispelling energy (26)]
 78297 | Hell     | Entered the Vestibule of Hell
 78297 | Hell     | Noticed Geryon
 78334 | Hell     | Killed Geryon
 78495 | Hell     | Killed from afar by a hellion

Levels and vault maps discovered:
D:1:      ncdulo_halloftheorcs, layout_loops_ring, feat_on_display
D:2:      layout_basic, uniq_jessica
D:3:      layout_rooms, nicolae_tso_swordbearing_angel, uniq_sigmund
D:4:      layout_loops_ring, grunt_temple_overflow_cloverleaf, first_ration,
          gup_sewer_entry_bowl, uniq_duvessa, uniq_grinder
D:5:      lemuel_upstairs_altar, layout_basic, temple_green
D:6:      minmay_diamond_boxcup, layout_basic, dancing_weapons_uskayaw,
          nemelex_altar_shiori
D:7:      layout_basic, serial_shops, kennysheep_mini_moat, uniq_maggie
D:8:      layout_loops_corners, serial_shops, shop
D:9:      corexii_shack_village, layout_rooms, old_standard_altar, uniq_grum
D:10:     layout_long_grid, serial_shops, shop, the_bakery
D:11:     layout_big_octagon, erik_lair_orcish_takeover,
          minmay_gold_behind_fungi, grunt_ministairs_9,
          grunt_dithmenos_smoke_and_mirrors
D:12:     layout_basic, minmay_orc_entry_guard_dogs,
          minmay_misc_feat_more_columns
D:13:     minmay_the_grid_triangle_9x9_recursive_2
          [minmay_the_grid_triangle_9x9_prize_center,
          minmay_the_grid_triangle_9x9_intruding_spiral,
          minmay_the_grid_triangle_9x9_checkered,
          minmay_the_grid_triangle_9x9_corruption], layout_long_grid,
          david_vaults_2, serial_shops, nicolae_shop_waterfront, uniq_kirke
D:14:     layout_stronghold, hangedman_abyss_or_decor_stabs
D:15:     hangedman_depths_entry_try_elsewhere_first, layout_basic, minivault_26
Temple:   regret_index_temple_generic_petals
Lair:1:   layout_small_grid, grunt_megastairs_4
Lair:2:   layout_hall_layers, minmay_swamp_entry_worms,
          guppyfry_snake_entry_island, wad_woods_03, lemuel_fruit_tree,
          uniq_gastronok
Lair:3:   minmay_lair_venomous_thicket, layout_cave_shapes,
          portal_ice_cave_entry_ice_beasts, basic_altar, grunt_megastairs_2
Lair:4:   layout_roguey
Lair:5:   layout_big_grid, serial_bayou_lagoon_a, minivault_26, minivault_25,
          st_stairs_11, bobbens_ice_dragon_lair
Lair:6:   wormcave, layout_small_grid, hangedman_lair_caniforms_friends,
          slime_dummy, lemuel_fruit_fields
Swamp:1:  gammafunk_its_a_trap, layout_basic_swamp, evilmike_swamp_ruin_house_1
Swamp:2:  layout_basic_swamp, evilmike_swamp_ruin_house_6
Swamp:3:  layout_falls_marsh, hangedman_swamp_lotus, uniq_bai_suzhen,
          uniq_jorgrun
Swamp:4:  byrel_swamp_growth_death_and_undeath, layout_basic_swamp, swamp_pool2
Snake:1:  layout_grid_maze, uniq_aizul, uniq_frances, uniq_nikola
Snake:2:  layout_concentric_octagons, drop_trap
Snake:3:  layout_layer_cave, serial_shops, nicolae_shop_waterfront
Snake:4:  snake_pit_salamanders_mu, layout_cave_town, st_stairs_1,
          uniq_saint_roka, uniq_louise, uniq_vashnia
Slime:1:  layout_caves
Slime:2:  layout_caves
Slime:3:  layout_caves
Slime:4:  layout_caves, uniq_dissolution
Slime:5
Orc:1:    layout_diamond_mine, special_room [special_room_bee], serial_shops,
          shop, uniq_harold
Orc:2:    grunt_orc_tribal_feast, layout_diamond_mine, gauntlet_entry_generic
Elf:1:    layout_geoelf_octagon, serial_shops, shop, minivault_28,
          minmay_shop_mass, minmay_shoptagon
Elf:2:    layout_onion_city, serial_shops, shop, small_statue_intersection,
          guppyfry_elf_castle
Elf:3:    minmay_elf_hall_quartered_circle, layout_loops_cross, serial_shops,
          shop, roderic_roman_lattice
Vaults:1: ontoclasm_vaults_shuriken, vaults_room_mumra_shop_pool,
          vaults_standard_mumra_x, nicolae_vaults_twisting_passages, v_misc_24,
          v_rooms_1, hangedman_vaults_stagger, hangedman_vaults_nodes,
          ontoclasm_vaults_misaligned, v_misc_28, v_misc_23,
          nicolae_vaults_little_squares_4, hangedman_vaults_impose,
          layout_vaults_maze_snakey
Vaults:2: minmay_crypt_entry_simple_walls, nicolae_vaults_circle_grid_b,
          v_misc_32, vaults_mumra_hex, v_misc_26, vaults_dpeg_diagonal,
          nicolae_vaults_network_s, v_misc_4, nicolae_vaults_ring_of_whatevers,
          ontoclasm_vaults_twist, nicolae_vaults_mini_display_case,
          layout_vaults_quadrants, uniq_frederick, uniq_margery
Vaults:3: nicolae_vaults_little_ls, nicolae_vaults_network_barrier,
          vaults_mumra_chevron, vaults_dpeg_spiral, ontoclasm_vaults_pinch,
          ontoclasm_vaults_spin, vaults_room_grid, hangedman_vaults_impose,
          nicolae_vaults_little_squares_3, nicolae_vaults_little_squares_1,
          layout_vaults_chaotic_city
Vaults:4: vaults_room_hallway, nicolae_vaults_ring_of_whatevers,
          nicolae_vaults_yaktaur_gun_rack, vaults_room_pool,
          hangedman_vaults_capsules, st_quartered_hall, vaults_room_door_ring,
          nicolae_vaults_gold_heap, layout_vaults_omnicross
Vaults:5
Depths:1: layout_cave_pools, minmay_misc_feat_x, abyss_entry_glasseish,
          grunt_hell_horde, minmay_misc_feat_enclosed,
          minmay_hollow_rounded_squares, uniq_mara
Depths:2: wad_pebble_path, layout_cave_pools, chequers_big_river,
          minmay_room_of_horrors, serial_rivers, chequers_serial_rivers_large_b,
          chequers_serial_rivers_room_b, chequers_serial_rivers_micro_a,
          chequers_serial_rivers_micro_d, chequers_serial_rivers_small_3,
          chequers_serial_rivers_marsh, hell_entry
Depths:3: minmay_shrinking_squares, layout_gridlike, enter_ziggurat_b,
          nicolae_abyss_entry_one_way_or_another, rand_demon_pan_entry_5,
          hell_entry, nicolae_water_bricks,
          hangedman_abyss_or_decor_lesser_grid, grunt_ministairs_13, wad_hexagon
Depths:4: hangedman_surveillance_ring, layout_long_grid, hellmouth_1,
          abyss_entry_crystal, rand_demon_pan_entry_9, minmay_misc_feat_encased,
          eino_small_chamber_without_monster, guppyfry_shop_blood
Depths:5: grunt_zot_entry_funnels, layout_basic, hell_entry, serial_shops, shop,
          nrook_mini_vaults
Hell
Zot:1:    layout_cathedral_of_symmetry
Zot:2:    cheibrodos_zot_enchanting_chambers, layout_concentric_octagons,
          grunt_megastairs_3
Zot:3:    kennysheep_six_static_rooms, layout_cathedral_of_symmetry

Skill      XL: |  1  2  3  4  5  6  7  8  9 10 11 12 13 14 15 16 17 18 19 20 21 22 23 24 25 26 |
---------------+-------------------------------------------------------------------------------+-----
Dodging        | 2 3 4 5 6 |  6.6
Armour         | 1 2 4 5 6 7 8 9 10 | 10.4
Axes           | 1 2 4 5 7 9 11 12 13 15 16 17 18 | 18.0
Poison Magic   | 4 5 6 7 9 |  9.0
Fighting       | 1 2 3 4 6 7 9 13 | 13.0
Shields        | 1 2 3 4 5 6 8 9 11 12 13 15 17 19 21 23 24 25 | 25.0
Conjurations   | 1 2 3 4 |  4.0
Air Magic      | 1 |  1.6
Evocations     | 3 5 |  5.0
Translocations | 1 3 5 6 9 11 13 14 15 16 17 | 17.9
Spellcasting   | 5 6 7 9 13 17 | 17.0
Stealth        | |  1.7
Transmutations | |  0.8

Action                   |  1- 3 |  4- 6 |  7- 9 | 10-12 | 13-15 | 16-18 | 19-21 | 22-24 | 25-27 || total
-------------------------+-------+-------+-------+-------+-------+-------+-------+-------+-------++-------
Melee: Whip              |    14 |       |       |       |       |       |       |       |       ||    14
       Hand axe          |    62 |    66 |       |       |       |       |       |       |       ||   128
       Mace              |     2 |       |       |       |       |       |       |       |       ||     2
       Kick              |    10 |    23 |    50 |   169 |   528 |   421 |   625 |   843 |   531 ||  3200
       War axe           |       |    36 |   228 |   461 |  1217 |   385 |       |       |       ||  2327
       Flail             |       |       |       |    13 |    12 |       |       |       |       ||    25
       Broad axe         |       |       |       |       |       |   632 |  1229 |  1388 |   863 ||  4112
 Cast: Sting             |    18 |     4 |     6 |    13 |     6 |       |       |       |       ||    47
       Poisonous Vapours |     6 |    32 |    32 |    22 |    15 |     2 |       |       |       ||   109
       Mephitic Cloud    |     1 |     1 |     3 |     6 |    26 |     8 |     1 |     3 |     2 ||    51
       Olgreb's Toxic Ra |       |       |     9 |    15 |    50 |    21 |    18 |    27 |    25 ||   165
       Blink             |       |       |       |     3 |     7 |     1 |     3 |     9 |     3 ||    26
       Static Discharge  |       |       |       |       |     3 |       |       |       |       ||     3
Invok: Ancestor Identity |       |       |     2 |       |       |       |       |       |       ||     2
       Recall Ancestor   |       |       |     1 |       |     2 |     4 |     1 |     3 |     1 ||    12
       Ancestor Life: He |       |       |       |     1 |       |       |       |       |       ||     1
Evoke: Wand              |       |       |     4 |       |    14 |    36 |     2 |     3 |     5 ||    64
       Lightning rod     |       |       |       |       |     4 |     6 |       |       |       ||    10
       Phial of floods   |       |       |       |       |       |       |       |       |     1 ||     1
  Use: Scroll            |       |     6 |     4 |     8 |    21 |    12 |    16 |     8 |    11 ||    86
       Potion            |       |       |       |     2 |    14 |     5 |       |     3 |    12 ||    36
 Stab: Sleeping          |     1 |       |     4 |    10 |    22 |     8 |    16 |    44 |     5 ||   110
       Confused          |       |       |     2 |    12 |    34 |    15 |    79 |   111 |    54 ||   307
       Distracted        |       |       |     1 |     4 |    30 |    26 |    20 |    26 |    22 ||   129
       Paralysed         |       |       |       |       |    14 |    49 |    31 |    69 |    21 ||   184
  Eat: Chunk             |     3 |    11 |     2 |     6 |     9 |       |       |       |       ||    31
       Ration            |       |       |     6 |     8 |    18 |    14 |    17 |    13 |     8 ||    84
Armor: Robe              |     8 |       |       |       |       |       |       |       |       ||     8
       Ring mail         |    43 |    43 |    65 |       |       |       |       |   223 |   139 ||   513
       Scale mail        |       |    23 |       |       |       |       |   105 |    56 |       ||   184
       Skin              |       |       |     3 |       |     8 |       |       |       |    24 ||    35
       Steam dragon scal |       |       |    19 |   112 |    13 |       |       |       |       ||   144
       Swamp dragon scal |       |       |       |       |   282 |   374 |   107 |       |       ||   763
       Leather armour    |       |       |       |       |    17 |       |    43 |     1 |       ||    61
       Chain mail        |       |       |       |       |     4 |       |       |       |       ||     4
       Fire dragon scale |       |       |       |       |       |       |    14 |       |       ||    14
Dodge: Dodged            |    48 |    90 |   125 |   265 |   702 |   523 |   390 |   418 |   244 ||  2805
       Deflected         |       |       |       |       |    29 |    82 |    58 |       |       ||   169
Block: Buckler           |       |       |    16 |   156 |   442 |   341 |       |       |       ||   955
       Tower shield      |       |       |     8 |       |       |       |       |       |   635 ||   643
       Kite shield       |       |       |       |       |       |   124 |   673 |   970 |   127 ||  1894

Table legend:
 A = Non-vault XP
 B = Vault XP
 C = Vault XP percentage of total XP
 D = Non-vault monster count
 E = Vault monster count
 F = Vault count percentage of total count
                 A         B        C        D         E       F
            +---------+---------+-------+---------+---------+-------
      Total |  758480 |  651989 |  46.2 |    1602 |     828 |  34.1
            +---------+---------+-------+---------+---------+-------
        D:1 |      27 |       0 |   0.0 |      18 |       0 |   0.0
        D:2 |     139 |      37 |  21.0 |      26 |       1 |   3.7
        D:3 |      73 |     305 |  80.7 |      22 |       2 |   8.3
        D:4 |     565 |     431 |  43.3 |      25 |       5 |  16.7
        D:5 |     341 |       0 |   0.0 |      18 |       0 |   0.0
        D:6 |     641 |     209 |  24.6 |      20 |       8 |  28.6
        D:7 |    1600 |     404 |  20.2 |      32 |       1 |   3.0
        D:8 |    2802 |       0 |   0.0 |      24 |       0 |   0.0
        D:9 |    2257 |     670 |  22.9 |      33 |      14 |  29.8
       D:10 |    2381 |     211 |   8.1 |      17 |       1 |   5.6
       D:11 |    1596 |     676 |  29.8 |       9 |      10 |  52.6
       D:12 |    2514 |     697 |  21.7 |      24 |       4 |  14.3
       D:13 |   11983 |    8926 |  42.7 |      51 |      22 |  30.1
       D:14 |   16035 |       0 |   0.0 |      40 |       0 |   0.0
       D:15 |   17326 |    2595 |  13.0 |      39 |       3 |   7.1
     Lair:1 |    4952 |    1927 |  28.0 |      23 |       7 |  23.3
     Lair:2 |    2574 |    3444 |  57.2 |       9 |       7 |  43.8
     Lair:3 |    4867 |    6037 |  55.4 |      22 |      26 |  54.2
     Lair:4 |    4603 |       0 |   0.0 |      18 |       0 |   0.0
     Lair:5 |    2749 |     985 |  26.4 |       9 |       4 |  30.8
     Lair:6 |    8325 |   17180 |  67.4 |      29 |      75 |  72.1
    Swamp:1 |   10741 |       0 |   0.0 |      34 |       0 |   0.0
    Swamp:2 |   12445 |       0 |   0.0 |      28 |       0 |   0.0
    Swamp:3 |   12372 |   10022 |  44.8 |      32 |       4 |  11.1
    Swamp:4 |   17698 |   19128 |  51.9 |      46 |      34 |  42.5
    Snake:1 |   19757 |    7239 |  26.8 |      37 |       3 |   7.5
    Snake:2 |   13470 |       0 |   0.0 |      20 |       0 |   0.0
    Snake:3 |   27379 |       0 |   0.0 |      54 |       0 |   0.0
    Snake:4 |   18017 |   66237 |  78.6 |      35 |      86 |  71.1
    Slime:1 |   14432 |       0 |   0.0 |      31 |       0 |   0.0
    Slime:2 |   16374 |       0 |   0.0 |      33 |       0 |   0.0
    Slime:3 |   12038 |   14332 |  54.3 |      11 |       1 |   8.3
    Slime:4 |   21312 |       0 |   0.0 |      48 |       0 |   0.0
    Slime:5 |   15170 |    5745 |  27.5 |      23 |       4 |  14.8
      Orc:1 |    3066 |    2859 |  48.3 |      35 |      27 |  43.5
      Orc:2 |    1637 |    7637 |  82.3 |      32 |      30 |  48.4
      Elf:1 |   26264 |    4790 |  15.4 |      46 |      12 |  20.7
      Elf:2 |   17890 |   32208 |  64.3 |      28 |      40 |  58.8
      Elf:3 |   21978 |   47571 |  68.4 |      38 |      32 |  45.7
   Vaults:1 |   52345 |   29080 |  35.7 |      79 |      41 |  34.2
   Vaults:2 |    9040 |   26902 |  74.8 |      17 |      27 |  61.4
   Vaults:3 |   16635 |    3758 |  18.4 |      28 |       4 |  12.5
   Vaults:4 |   33070 |   15721 |  32.2 |      44 |      20 |  31.2
   Vaults:5 |   33550 |  147656 |  81.5 |      47 |      99 |  67.8
   Depths:1 |   37522 |   24184 |  39.2 |      50 |      25 |  33.3
   Depths:2 |   27479 |       0 |   0.0 |      36 |       0 |   0.0
   Depths:3 |   21553 |   23054 |  51.7 |      27 |      16 |  37.2
   Depths:4 |   46831 |   11093 |  19.2 |      66 |      29 |  30.5
   Depths:5 |   45328 |   19757 |  30.4 |      40 |      16 |  28.6
       Hell |   11866 |   27431 |  69.8 |      19 |      45 |  70.3
      Zot:1 |   13542 |    2768 |  17.0 |       8 |       1 |  11.1
      Zot:2 |   39329 |   52758 |  57.3 |      22 |      30 |  57.7
   Gauntlet |       0 |    5325 | 100.0 |       0 |      12 | 100.0
            +---------+---------+-------+---------+---------+-------
